 Dungeon Crawl Stone Soup version 0.18.1-48-g4cf74bf (webtiles) character file.

200 dvd the Chopper (level 5, -7/32 HPs)
             Began as a Gargoyle Gladiator on July 19, 2016.
             Killed by divine providence
             ... invoked by an orc priest
              (12 damage)
             ... on level 3 of the Dungeon.
             The game lasted 00:06:06 (3076 turns).

dvd the Chopper (Gargoyle Gladiator)                Turns: 3076, Time: 00:06:07

Health: -7/32      AC:  9    Str: 19    XL:     5   Next: 78%
Magic:  5/5        EV: 12    Int: 11    God:
Gold:   156        SH:  0    Dex: 11    Spells: 1 memorised, 0 levels left

rFire  . . .     SeeInvis .     a - +0 war axe
rCold  . . .     Gourm    .     o - +0 ring mail (curse)
rNeg   + . .     Faith    .     (no shield)
rPois  ∞         Spirit   .     g - +0 hat {Int+3}
rElec  +         Dismiss  .     (no cloak)
rCorr  .         Reflect  .     (no gloves)
SustAt .         Harm     .     (no boots)
MR     .....                    (no amulet)
Stlth  +.........               (no ring)
                                (no ring)

@: not resistant to hostile enchantments, very unstealthy
A: negative energy resistance 1, electricity resistance, unbreathing,
petrification resistance, rot immunity, AC +4
a: no special abilities


You were on level 3 of the Dungeon.
You were not hungry.

You visited 1 branch of the dungeon, and saw 3 of its levels.

You collected 156 gold pieces.

Inventory:

Hand Weapons
 a - a +0 war axe (weapon)
Missiles
 d - 3 throwing nets (quivered)
Armour
 b - a +0 leather armour
 c - a +0 helmet
 g - a +0 hat of intelligence (worn)
 i - a +0 ring mail
 o - a cursed +0 ring mail (worn)
Scrolls
 e - a scroll of recharging {unknown}
 h - 9 scrolls of identify {unknown}
 m - a scroll of noise {unknown}
 n - a scroll of amnesia {unknown}
Potions
 j - a potion of flight {unknown}
 k - a potion of degeneration {unknown}
 l - a potion of berserk rage
 p - a potion of might {unknown}
 s - 2 potions of curing {unknown}
Books
 r - a book of the Warp

   Spells                             Type                      Level
   a - Recall                         Summoning/Translocation      3
   b - Gell's Gravitas                Hexes/Translocation          3
   c - Force Lance                    Conjuration/Translocation    4
   d - Warp Weapon                    Charms/Translocation         5
   e - Summon Forest                  Summoning/Translocation      5
Comestibles
 f - 2 bread rations
 q - 2 chunks of flesh


   Skills:
 + Level 3.2 Fighting
 + Level 3.7 Axes
 + Level 1.9 Throwing
 + Level 1.8 Armour
 + Level 3.6 Dodging
 + Level 0.5 Stealth


You couldn't memorise any spells.
You knew the following spells:

 Your Spells              Type           Power        Failure   Level  Hunger
a - Force Lance           Conj/Tloc      #.......     100%        4    #####..


Dungeon Overview and Level Annotations

Branches:
Dungeon (3/15)

Altars:
Dithmenos


Innate Abilities, Weirdness & Mutations

You are resistant to torment.
Your stone body is resilient (AC +4).
You are immune to poison.
You resist negative energy.
You are resistant to electric shocks.
You can survive without breathing.
You are immune to petrification.
You are immune to rotting.


Message History

You hit the orc priest.
The orc priest is lightly wounded.
The orc priest barely misses you.
You hit the orc priest but do no damage.
The orc priest is lightly wounded.
The orc priest casts a cantrip, but nothing happens.
You closely miss the orc priest.
The orc priest is lightly wounded.
The orc priest barely misses you.
You barely miss the orc priest.
The orc priest invokes the aid of Beogh against you.
Pain shoots through your body!
* * * LOW HITPOINT WARNING * * *
The orc priest hits you with a club.
* * * LOW HITPOINT WARNING * * *
You closely miss the orc priest. The orc priest barely misses you.
You hit the orc priest but do no damage.
The orc priest mumbles some strange prayers to Beogh against you.
Beogh smites you!
You die...

### ### #). ..# #
#.# #.# #.#.# #.#
#.#.####### #o#
#.........# #o#
###.#####.# #o#
####.# #.# #@#
.....#####.# #(#
........<#.## #.#
.##..###..>.####.#
#..............#
#.####....###### .
#........## .
#..###.### . #..#
#.#


You could see an orc priest and 2 orcs.

Vanquished Creatures
  An orc wizard (D:3)
  8 adders
  3 gnolls
  2 worms
  2 giant geckos (D:1)
  8 orcs (D:3)
  7 bats
  3 giant cockroaches
  4 hobgoblins
  A jackal (D:1)
  3 kobolds
  A quokka (D:2)
  2 ball pythons (D:1)
  3 giant newts
  7 goblins
  13 rats
68 creatures vanquished.

Notes
Turn   | Place    | Note
--------------------------------------------------------------
     0 | D:1      | dvd the Gargoyle Gladiator began the quest for the Orb.
     0 | D:1      | Reached XP level 1. HP: 12/12 MP: 1/1
   373 | D:1      | Reached XP level 2. HP: 17/17 MP: 2/2
   737 | D:1      | Reached XP level 3. HP: 22/22 MP: 3/3
  1554 | D:2      | Reached XP level 4. HP: 17/27 MP: 4/4
  1883 | D:2      | Found a shadowy altar of Dithmenos.
  2248 | D:3      | Reached skill level 1 in Armour
  2262 | D:3      | Reached XP level 5. HP: 19/32 MP: 5/5
  2696 | D:3      | Learned a level 4 spell: Force Lance
  3076 | D:3      | Killed from afar by an orc priest

Skill      XL: |  1  2  3  4  5 |
---------------+----------------+-----
Axes           | 3 |  3.7
Dodging        | 3 |  3.6
Armour         | 1 |  1.8
Fighting       | 3 |  3.2
Throwing       | |  1.9
Stealth        | |  0.5

Action                   |  1- 3 |  4- 6 || total
-------------------------+-------+-------++-------
Melee: War axe           |   134 |   175 ||   309
  Use: Potion            |       |     1 ||     1
  Eat: Chunk             |     2 |     6 ||     8
Armor: Leather armour    |    54 |       ||    54
       Ring mail         |    29 |    80 ||   109
Dodge: Dodged            |   113 |   140 ||   253
